 Dungeon Crawl Stone Soup version 0.17-a0-1667-g4ca74a1 (webtiles) character file.

106 nubinia the Gusty (level 4, 0/27 HPs)
             Began as a High Elf Air Elementalist on Aug 17, 2015.
             Shot with an arrow by a centaur (12 damage)
             ... on level 3 of the Dungeon.
             The game lasted 00:12:14 (3370 turns).

nubinia the Gusty (High Elf Air Elementalist)       Turns: 3370, Time: 00:12:15

Health: 0/27       AC:  2    Str:  7    XL:     4   Next: 55%
Magic:  1/9        EV: 13    Int: 19    God:
Gold:   101        SH:  0    Dex: 16    Spells: 4 memorised, 1 level left

rFire  . . .     SeeInvis .     l - +0 whip (venom)
rCold  . . .     Clarity  .     a - +0 robe
rNeg   . . .     SustAt   .     (no shield)
rPois  .         Gourm    +     (no helmet)
rElec  .         Spirit   .     (no cloak)
rCorr  .         Warding  .     (no gloves)
rMut   .         Stasis   .     (no boots)
MR     .....                    e - amulet of the gourmand
Stlth  ++........               (no ring)
                                (no ring)

@: not resistant to hostile enchantments, unstealthy
A: no striking features
a: no special abilities


You were on level 3 of the Dungeon.
You were very full.

You visited 1 branch of the dungeon, and saw 3 of its levels.

You collected 101 gold pieces.

Inventory:

Hand weapons
 h - a +0 dagger
 l - a +0 whip of venom (weapon)
Armour
 a - a +0 robe (worn)
Jewellery
 e - an amulet of the gourmand (around neck)
Scrolls
 d - a scroll of fog {unknown}
 g - a scroll of amnesia
 m - a scroll of remove curse {unknown}
 n - a scroll of magic mapping {unknown}
 o - a scroll of noise {unknown}
 p - a scroll of identify {unknown}
Potions
 i - a potion of curing {unknown}
 j - a potion of brilliance {unknown}
 k - a potion of lignification
 q - a potion of heal wounds {unknown}
Books
 b - a book of Air

   Spells                             Type                      Level
   a - Shock                          Conjuration/Air              1
   b - Swiftness                      Charms/Air                   2
   c - Repel Missiles                 Charms/Air                   2
   d - Static Discharge               Conjuration/Air              3
   e - Lightning Bolt                 Conjuration/Air              5
Comestibles
 c - a bread ration
 f - 3 beef jerkies


   Skills:
 + Level 0.5 Short Blades
 + Level 2.5 Dodging
 + Level 2.5 Stealth
 + Level 3.2 Spellcasting
 + Level 2.5 Conjurations
 + Level 4.8 Air Magic


You had one spell level left.
You knew the following spells:

 Your Spells              Type           Power        Failure   Level  Hunger
a - Shock                 Conj/Air       ###.         3%          1    None
b - Static Discharge      Conj/Air       ###.....     12%         3    ###....
c - Swiftness             Chrm/Air       ##......     10%         2    ##.....
r - Repel Missiles        Chrm/Air       ##....       10%         2    ##.....


Dungeon Overview and Level Annotations

Branches:
Dungeon (3/15)

Altars:


Message History

The centaur is heavily wounded.
The centaur shoots an arrow.
The arrow hits you!
Casting: Shock
Confirm with . or Enter, or press ? or * to list all spells.
Aiming: Shock
Press: ? - help, Shift-Dir - straight line, f/p - centaur
Aim: a centaur, wielding an enchanted shortbow (heavily wounded)
The zap hits the centaur.
The centaur is severely wounded.
The centaur shoots an arrow.
The arrow barely misses you.
A ball python comes into view.
Casting: Shock
Confirm with . or Enter, or press ? or * to list all spells.
Aiming: Shock
Press: ? - help, Shift-Dir - straight line, f/p - centaur
Aim: a centaur, wielding an enchanted shortbow (severely wounded)
The zap hits the centaur.
The centaur is almost dead.
The centaur shoots an arrow.
The arrow hits you!
You die...

..... .. ..... ####..
.....#####......
.##..............
.................
..........(......
...[.....).......
....
........(..##.... ...
....w..@...# . #..
##.........########..
#...............##.#
#...............##.#
#.c..##..........#.#
.S.... #....##....#.#
..#### #..........#.#
.. #............# #.
#####...########.


You could see a centaur, a worm and a ball python.

Vanquished Creatures
  2 adders
  2 oozes
  3 worms (D:2)
  A ball python (D:3)
  8 hobgoblins
  8 jackals (D:2)
  7 kobolds
  A quokka (D:2)
  9 bats
  4 giant cockroaches
  A giant gecko (D:2)
  3 giant newts
  6 goblins
  15 rats
70 creatures vanquished.

Notes
Turn   | Place    | Note
--------------------------------------------------------------
     0 | D:1      | nubinia the High Elf Air Elementalist began the quest for the Orb.
     0 | D:1      | Reached XP level 1. HP: 11/11 MP: 4/4
   314 | D:1      | Reached skill level 4 in Air Magic
   378 | D:1      | Reached XP level 2. HP: 17/17 MP: 3/6
   387 | D:1      | Learned a level 2 spell: Repel Missiles
   390 | D:1      | Learned a level 2 spell: Swiftness
  1233 | D:1      | Reached XP level 3. HP: 21/21 MP: 4/7
  2165 | D:2      | Found a faded altar to an unknown god.
  2199 | D:2      | Reached XP level 4. HP: 27/27 MP: 3/9
  2204 | D:2      | Learned a level 3 spell: Static Discharge
  3334 | D:3      | Noticed a centaur
  3370 | D:3      | Shot with an arrow by a centaur

Vault maps used:
D:1:      dpeg_arrival_water_fire, kennysheep_boxes
D:2:      ecumenical_altar_1
D:3:      kiku_gazebo_pond_becter

Action                   |  1- 3 |  4- 6 || total
-------------------------+-------+-------++-------
Melee: Dagger            |    19 |       ||    19
       Whip              |     1 |     2 ||     3
 Cast: Shock             |    93 |    49 ||   142
       Repel Missiles    |     1 |       ||     1
  Use: Scroll            |       |     1 ||     1
       Potion            |       |     1 ||     1
 Stab: Sleeping          |     2 |       ||     2
  Eat: Chunk             |    13 |     3 ||    16
